 Dungeon Crawl Stone Soup version 0.17-a0-1534-gf98da79 (webtiles) character file.

60 Malachi the Digger (level 4, -6/24 HPs)
             Began as a Gargoyle Earth Elementalist on July 17, 2015.
             Killed from afar by Uberwunderbarhen's ghost (18 damage)
             ... with a flame tongue
             ... on level 3 of the Dungeon.
             The game lasted 00:05:25 (3092 turns).

Malachi the Digger (Gargoyle Earth Elementalist)    Turns: 3092, Time: 00:05:25

Health: -6/24      AC:  5    Str: 12    XL:     4   Next: 4%
Magic:  7/8        EV: 12    Int: 16    God:
Gold:   148        SH:  0    Dex: 10    Spells: 1 memorised, 8 levels left

rFire  . . .     SeeInvis .     a - 39 stones
rCold  . . .     Clarity  .     b - +0 robe
rNeg   + . .     SustAt   .     (no shield)
rPois  ∞         Gourm    .     (no helmet)
rElec  +         Spirit   .     (no cloak)
rCorr  .         Warding  .     (no gloves)
rMut   .         Stasis   .     (no boots)
MR     .....                    (no amulet)
Stlth  ++........               (no ring)
                                (no ring)

@: not resistant to hostile enchantments, unstealthy
A: negative energy resistance 1, electricity resistance, unbreathing,
petrification resistance, rot immunity, AC +3
a: no special abilities


You were on level 3 of the Dungeon.
You were not hungry.

You visited 1 branch of the dungeon, and saw 3 of its levels.

You collected 148 gold pieces.

Inventory:

Missiles
 a - 39 stones (in hand)
 m - 8 tomahawks
Armour
 b - a +0 robe (worn)
Scrolls
 e - a scroll of remove curse {unknown}
 g - a scroll of recharging {unknown}
 h - a scroll of fear {unknown}
 j - a scroll of fog {unknown}
Potions
 f - 4 potions of curing {unknown}
 k - a potion of magic {unknown}
Books
 c - a book of Geomancy

   Spells                             Type                      Level
   a - Sandblast                      Earth                        1
   b - Stoneskin                      Transmutation/Earth          2
   c - Passwall                       Transmutation/Earth          3
   d - Stone Arrow                    Conjuration/Earth            3
   e - Petrify                        Transmutation/Earth          4
   f - Lee's Rapid Deconstruction     Earth                        5
Comestibles
 d - 2 bread rations
 i - a royal jelly
 n - a slice of pizza


   Skills:
 + Level 0.4 Fighting
 + Level 1.9 Dodging
 + Level 2.1 Stealth
 + Level 3.0 Spellcasting
   Level 0.7 Transmutations
 + Level 4.5 Earth Magic


You had 8 spell levels left.
You knew the following spells:

 Your Spells              Type           Power        Failure   Level  Hunger
a - Sandblast             Erth           ###...       3%          1    #......


Dungeon Overview and Level Annotations

Branches:
Dungeon (3/15)

Altars:
Ashenzari
Makhleb
Yredelemnul

Annotations:
D:3 Uberwunderbarhen's ghost, average OpFE


Innate Abilities, Weirdness & Mutations

You are resistant to torment.
Your stone body is resilient (AC +3).
You are immune to poison.
You resist negative energy.
You are resistant to electric shocks.
You can survive without breathing.
You are immune to petrification.
You are immune to rotting.


Message History

Aiming: Sandblast
Press: ? - help, Shift-Dir - straight line, f/p - Uberwunderbarhen's ghost
Aim: Uberwunderbarhen's ghost The rocky blast misses Uberwunderbarhen's ghost.
Uberwunderbarhen's ghost casts a spell at you.
The flame tongue hits you!
Ouch! That really hurt!
Uberwunderbarhen's ghost shouts, "Do you think the gods will protect you?"
Casting: Sandblast
Confirm with . or Enter, or press ? or * to list all spells.
Aiming: Sandblast
Press: ? - help, Shift-Dir - straight line, f/p - Uberwunderbarhen's ghost
Aim: Uberwunderbarhen's ghost The rocky blast misses Uberwunderbarhen's ghost.
The orc priest casts a cantrip, but nothing happens.
Found a glowing mace and a dagger.
Found a stone staircase leading down.
Uberwunderbarhen's ghost stares at you and mumbles some strange words.
The flame tongue hits you!
Ouch! That really hurt!
You die...

#...#...###.###....#..##
#.........#.#...##.# .#
##.!.......#.#....#.#..
#.............).._......
.....#.#...o#†#.#....#.##
##.#.....#....#.##...# #
.. #...###.##J#....###. .
..... #.##W####..)..
####.. #.##..@...## ..
#......##..# ##
.)...#.#.# ..# .......#.#
#.#..#.#.# # #.>..#.# ##
.##.# .. ...


You could see Uberwunderbarhen's ghost.

Vanquished Creatures
  An adder (D:3)
  3 giant geckos (D:2)
  2 orcs (D:3)
  A bat skeleton (D:3)
  4 hobgoblins
  A quokka (D:2)
  6 bats
  3 giant cockroaches
  10 giant newts
  2 goblins
  9 kobolds
  4 rats
46 creatures vanquished.

Notes
Turn   | Place    | Note
--------------------------------------------------------------
     0 | D:1      | Malachi the Gargoyle Earth Elementalist began the quest for the Orb.
     0 | D:1      | Reached XP level 1. HP: 10/10 MP: 3/3
   472 | D:1      | Reached skill level 4 in Earth Magic
   835 | D:2      | Reached XP level 2. HP: 15/15 MP: 3/5
   990 | D:2      | Found a basalt altar of Yredelemnul.
  1480 | D:2      | Reached XP level 3. HP: 10/19 MP: 1/6
  2785 | D:3      | Found a shattered altar of Ashenzari.
  2910 | D:3      | Found a burning altar of Makhleb.
  2928 | D:3      | Reached XP level 4. HP: 18/24 MP: 3/8
  3077 | D:3      | Noticed Uberwunderbarhen's ghost (average OpFE)
  3092 | D:3      | Killed from afar by Uberwunderbarhen's ghost

Vault maps used:
D:1:      lemuel_arrival_tunnels
D:2:      overflow_temple_1_default, first_bread, grunt_ministairs_3,
          hangedman_decor_points, minmay_lizard_king
D:3:      cheibrodos_ashenzari_chains, nicolae_overflow_crystal_walls,
          st_stairs_12

Action                   |  1- 3 |  4- 6 || total
-------------------------+-------+-------++-------
Melee: Unarmed           |    39 |     4 ||    43
Throw: Stone             |       |     1 ||     1
 Cast: Sandblast         |    91 |     6 ||    97
  Eat: Chunk             |     3 |       ||     3
       Bread ration      |     1 |       ||     1
